 Dungeon Crawl Stone Soup version 0.31-a0-229-g1fc7ce93e2 (webtiles) character file.

Game seed: 1183038033470817448

793 nono the Nimble (level 7, -19/34 HPs)
             Began as a Felid Fighter on July 6, 2023.
             Was a Priest of Wu Jian.
             Demolished by an orc wizard
             ... wielding a +2 dagger of distortion
              (25 damage)
             ... on level 7 of the Dungeon.
             The game lasted 00:26:04 (7139 turns).

nono the Nimble (Felid Fighter)                     Turns: 7139, Time: 00:26:05

Health: -19/34     AC:  2    Str: 14    XL:     7   Next: 57%
Magic:  8/8        EV: 21    Int: 10    God:    Wu Jian [***...]
Gold:   358        SH:  0    Dex: 15    Spells: 6/6 levels left
                                        Lives:  0   Deaths: 2

rFire   + .          .
                       - Unarmed
rCold   . . .        (shield unavailable)
rNeg    + . .        (body armour unavailable)
rPois   .            (helmet unavailable)
rElec   .            (cloak unavailable)
rCorr   .            (gloves unavailable)
SInv    +            (boots unavailable)
Will    +....        c - amulet of the acrobat
Stlth   +++          i - ring of protection from fire
HPRegen 0.25/turn    t - ring of positive energy
MPRegen 0.11/turn

%: acrobat
@: quick
A: very small, claws 1, fangs 3, see invisible, speed 1, shaggy fur 2, stealthy
paws, no weapons or thrown items, no armour, multi-lived
a: Renounce Religion, Wall Jump, Serpent's Lash


You were on level 7 of the Dungeon.
You worshipped Wu Jian.
Wu Jian was most pleased with you.
You visited 1 branch of the dungeon, and saw 7 of its levels.
You also visited: Sewer.

You collected 358 gold pieces.

Inventory:

Jewellery
 c - an amulet of the acrobat (around neck)
 i - a ring of protection from fire (left paw)
 s - a ring of wizardry
 t - a ring of positive energy (right paw)
 D - the amulet of Elemental Vulnerability {rPois rF-- rC-- AC+8}
   (You found it on level 6 of the Dungeon)

   [amulet of nothing]

   AC:        It affects your AC (+8).
   rF:        It makes you very vulnerable to fire.
   rC:        It makes you very vulnerable to cold.
   rPois:     It protects you from poison.
Wands
 q - a wand of roots (7)
 y - a wand of flame (40)
 z - a wand of charming (15)
Scrolls
 b - a scroll of enchant weapon
 f - 4 scrolls of amnesia {unknown}
 h - 3 scrolls of identify {unknown}
 j - a scroll of immolation {unknown}
 k - a scroll of enchant armour {unknown}
 l - a scroll of noise {unknown}
 m - 2 scrolls of silence {unknown}
 n - 2 scrolls of brand weapon {unknown}
 o - 5 scrolls of teleportation {unknown}
 u - a scroll of blinking {unknown}
 v - a scroll of fog
 A - a scroll of vulnerability {unknown}
 C - 2 scrolls of revelation {unknown}
Potions
 a - 2 potions of might
 d - 5 potions of curing {unknown}
 e - 2 potions of mutation {unknown}
 g - 2 potions of brilliance {unknown}
 p - a potion of berserk rage {unknown}
 r - a potion of degeneration {unknown}
 w - 2 potions of heal wounds {unknown}
 x - 2 potions of attraction {unknown}
 B - a potion of enlightenment {unknown}
 E - a potion of cancellation {unknown}


   Skills:
 + Level 5.9 Fighting
 + Level 8.0 Dodging
 + Level 6.9 Stealth
 + Level 6.5 Unarmed Combat


You had 6 spell levels left.
You didn't know any spells.
Your spell library contained the following spells:

 Spells                   Type           Power      Damage    Failure   Level
 Ensorcelled Hibernation  Hex/Ice        0%         N/A       50%         2
 Lesser Beckoning         Tloc           0%         N/A       50%         2
 Passwall                 Tmut/Erth      0%         N/A       50%         2
 Scorch                   Fire           0%         2d5       50%         2
 Gell's Gravitas          Tloc           0%         N/A       75%         3
 Summon Guardian Golem    Hex/Summ       0%         N/A       75%         3
 Swiftness                Air            0%         N/A       75%         3
 Teleport Other           Tloc           0%         N/A       75%         3
 Flame Wave               Conj/Fire      0%         2d4       98%         4
 Summon Cactus Giant      Summ           0%         N/A       100%        6
 Orb of Destruction       Conj           0%         9d5       100%        7
 Spellforged Servitor     Conj/Summ      0%         N/A       100%        7


Dungeon Overview and Level Annotations

Branches:
Dungeon (7/15)             Temple (0/1) D:4           Sewer (visited)

Altars:
Fedhas
Gozag
Qazlal
Uskayaw
Wu Jian
Xom
Zin
The Shining One

Shops:
D:6 *


Innate Abilities, Weirdness & Mutations

You have sharp claws.
You have razor-sharp teeth.
You have supernaturally acute eyesight. (SInv)
You cover ground quickly. (Speed+)
You are covered in thick fur. (AC +2)
Your paws help you pounce on unaware monsters.
You are incapable of wielding weapons or throwing items.
You cannot wear armour.
You gain extra lives every three experience levels.


Message History

You climb downwards.
Found a robe.
There is a stone staircase leading up here.
You lunge at the orc.
The helpless orc fails to defend itself.
You eviscerate the orc!!!
You kill the orc!
The Council accepts your kill. The orc wizard casts a spell at you.
The puff of flame misses you.
The puff of flame hits the orc wizard!
The orc wizard shouts!
The orc wizard completely misses you.
Things that are here:
a +0 hand axe; an orc corpse You scratch the orc wizard but do no damage.
The orc wizard is heavily wounded.
The orc wizard misses you.
You scratch the orc wizard but do no damage.
The orc wizard is heavily wounded.
The orc wizard hits you with a +2 dagger of distortion.
Space warps horribly around you!!
Ouch! That really hurt!
The orc wizard misses you.
You are too injured to fight recklessly!
You are too injured to fight recklessly!
You spin and attack the orc wizard.
You scratch the orc wizard but do no damage.
You bite the orc wizard, but do no damage.
The orc wizard casts a spell at you. The magic dart hits you.
* * * LOW HITPOINT WARNING * * *
The orc wizard gestures wildly while chanting.
The orc wizard flickers and vanishes for a moment.
Aiming: Wall Jump
Press: ? - help, Dir - move target The orc wizard hits you with a +2 dagger of distortion.
* * * LOW HITPOINT WARNING * * *
Space warps horribly around you!!
Ouch! That really hurt!
You die...

###### #######
##.....##.....##
#......°○○.....##
.......○@o......#
.......○°o).....#
................#
.......[........#
................#
................#
#..............##
##......#.....##
####..########


You could see 2 orc wizards.

Vanquished Creatures
  A wyvern (D:4)
  An orc warrior (D:6)
  Pargi (Sewer)
  A centaur (D:6)
  A bullfrog (D:6)
  4 scorpions
  A water moccasin zombie (D:5)
  A crimson imp (D:6)
  A centaur skeleton (D:5)
  3 hounds (D:5)
  Natasha (thrice) (D:4)
  4 iguanas
  An orc wizard (D:6)
  6 adders
  11 gnolls
  A white imp (D:6)
  An adder zombie (D:5)
  3 worms
  A dart slug (D:3)
  7 orcs
  8 ball pythons
  8 endoplasms
  4 giant cockroaches
  9 goblins
  3 hobgoblins
  3 jackals (D:4)
  8 kobolds
  2 quokkas
  8 bats
  4 frilled lizards
  9 rats
119 creatures vanquished.

Notes
Turn   | Place    | Note
-------+----------+-------------------------------------------
     0 | D:1      | nono the Felid Fighter began the quest for the Orb.
     0 | D:1      | Reached XP level 1. HP: 10/10 MP: 2/2
    26 | D:1      | Found a faded altar of an unknown god.
    38 | D:1      | Prayed at the altar of an unknown god.
    38 | D:1      | Became a worshipper of the Wu Jian Council
    38 | D:1      | Reached * piety under Wu Jian
   150 | D:1      | Reached XP level 2. HP: 11/14 MP: 3/3
   589 | D:1      | Reached XP level 3. HP: 16/17 MP: 4/4
  1068 | D:2      | Reached skill level 1 in Stealth
  1191 | D:2      | Reached ** piety under Wu Jian
  2287 | D:3      | Reached XP level 4. HP: 21/21 MP: 5/5
  2300 | D:3      | Slain by an orc
  2301 | D:3      | Reached XP level 3. HP: -2/17 MP: 4/4
  2311 | D:3      | Found the +4 robe of Augmentation {Str+4 Int+4 Dex+4}
  2339 | D:3      | Found a hide-covered altar of Uskayaw.
  2357 | D:3      | Reached skill level 5 in Dodging
  2667 | D:3      | Reached XP level 4. HP: 19/22 MP: 5/5
  2991 | D:3      | Identified the +1 mace "Wibojus" {freeze, rElec rC- Str-5
                  | Dex+7}
  3150 | D:4      | Found a staircase to the Ecumenical Temple.
  3358 | D:4      | Noticed a wyvern
  3362 | D:4      | Killed a wyvern
  3363 | D:4      | Reached skill level 5 in Unarmed Combat
  3363 | D:4      | Reached XP level 5. HP: 25/25 MP: 6/6
  3550 | D:4      | Noticed Natasha
  3555 | D:4      | Killed Natasha
  3556 | D:4      | Gained mutation: You are covered in thick fur. (AC +2)
                  | [Felid growth]
  3556 | D:4      | Reached XP level 6. HP: 29/29 MP: 7/7
  3712 | D:4      | Found a glowing drain.
  3736 | Sewer    | Entered a sewer
  3803 | Sewer    | Noticed Pargi
  3808 | Sewer    | Killed Pargi
  3809 | Sewer    | Reached skill level 6 in Dodging
  4007 | D:4      | Found a shimmering altar of Xom.
  4014 | D:4      | Found a glowing golden altar of the Shining One.
  4294 | D:4      | Noticed Natasha
  4303 | D:4      | Killed Natasha
  4346 | D:4      | Reached *** piety under Wu Jian
  4434 | D:4      | Noticed Natasha
  4446 | D:4      | Killed Natasha
  4470 | D:5      | Entered Level 5 of the Dungeon
  4475 | D:5      | Reached XP level 7. HP: 33/33 MP: 8/8
  4606 | D:5      | Reached skill level 5 in Stealth
  4739 | D:5      | Found a blossoming altar of Fedhas.
  4755 | D:5      | Found an opulent altar of Gozag.
  4784 | D:5      | Reached skill level 5 in Fighting
  4941 | D:5      | Reached skill level 7 in Dodging
  5174 | D:5      | Found a stormy altar of Qazlal.
  5492 | D:6      | Found the amulet of Elemental Vulnerability {rPois rF--
                  | rC-- AC+8}
  5538 | D:6      | Found a glowing silver altar of Zin.
  5544 | D:6      | Found Zin's Purification Station.
  5552 | D:6      | Reached XP level 8. HP: 30/37 MP: 9/9
  5754 | D:6      | Shot with an arrow by an orc warrior
  5755 | D:6      | Reached XP level 7. HP: -4/34 MP: 8/8
  6983 | D:6      | Reached skill level 8 in Dodging
  7139 | D:7      | Demolished by an orc wizard

Illustrated notes

Levels and vault maps discovered:
D:1:      lightli_arrival_statuegarden, layout_loops_ring,
          hellmonk_ecumenical_altar_crossroads
D:2:      wander_river, layout_basic, chequers_serial_rivers_micro_d,
          minmay_tetromino_t2
D:3:      layout_loops_ring, nicolae_uskayaw_dance_hall,
          minmay_tree_intersection
D:4:      layout_layer_cave, minitemple, minmay_temple_entry_ruins,
          gup_sewer_entry_glass, kennysheep_generic_room_15, uniq_natasha
D:5:      layout_basic, grunt_temple_overflow_forces_of_nature,
          grunt_gozag_breadcrumbs, serial_undead, serial_undead_c,
          serial_undead_f, serial_undead_c, serial_undead_b,
          dreamdust_gnoll_farm
D:6:      layout_layer_cave, zin_purify, minmay_fire_ice_demons
D:7:      layout_rooms, grunt_ministairs_9, hellmonk_bongcloud_opening,
          nicolae_water_bricks, minmay_manual_mess

Skill      XL: |  1  2  3  4  5  6  7 |
---------------+----------------------+-----
Stealth        | 2 3 4 6 |  6.9
Dodging        | 5 6 8 |  8.0
Fighting       | 4 5 |  5.9
Unarmed Combat | 5 6 |  6.5

Action                     |  1- 3 |  4- 6 |  7- 9 || total
---------------------------+-------+-------+-------++-------
  Melee: Unarmed           |   202 |    88 |   156 ||   446
         Bite              |    20 |     7 |    22 ||    49
         Punch             |     3 |     1 |    11 ||    15
Ability: Whirlwind         |    50 |     7 |     7 ||    64
         Lunge             |    34 |    14 |    13 ||    61
         Wall Jump         |    12 |     6 |    18 ||    36
    Use: Scroll            |       |     2 |       ||     2
   Stab: Sleeping          |     4 |    16 |     6 ||    26
 Armour: Skin              |       |     7 |     5 ||    12
  Dodge: Dodged            |   123 |    43 |   138 ||   304

Table legend: (Time is in decaauts)
 A = Elapsed time spent in this place.
 B = Non-inter-level travel time spent in this place.
 C = Inter-level travel time spent in this place.
 D = Time resting spent in this place.
 E = Time spent auto-exploring this place.
 F = Levels seen in this place.
 G = Mean time per level.
                   A        B        C        D        E       F      G
               +--------+--------+--------+--------+--------+-----+--------+
         Total |   6060 |   5760 |    300 |    271 |   4130 |   8 |  757.5 |
       Dungeon |   5933 |   5633 |    300 |    271 |   4063 |   7 |  847.6 |
         Sewer |    127 |    127 |      0 |      0 |     67 |   1 |  127.0 |
               +--------+--------+--------+--------+--------+-----+--------+

Top non-repeatable levels by time:
     D:6: 1242 daAuts
     D:2: 1160 daAuts
     D:4: 1062 daAuts
     D:5: 958 daAuts
     D:1: 804 daAuts
     D:3: 698 daAuts
   Sewer: 127 daAuts
     D:7: 7 daAuts
